General information
- name: BNet
- type: Ladder team game (AT/RT)
- host: Battle.net
- saver: TIMG4STRok
map: CopperCanyon
- players: 6
- length: 21:15
- speed: Fast
- version: 1.21 W3XP
- replay type:

» download(153 KB)
Players
team 1 (loser)
AngelicKing (
purple | 59 APM | 1239 actions | 21:00)
4 Death Knight
2 Death Coil
2 Unholy Aura
3 Lich
2 Frost Nova
1 Frost Armor
» actions
| Assign group hotkey | 9 | |
| Basic commands | 14 | |
| Build / train | 64 | |
| Enter build submenu | 14 | |
| Enter hero's abilities submenu | 7 | |
| Give item / drop item | 3 | |
| Remove unit from queue | 13 | |
| Right click | 456 | |
| Select / deselect | 462 | |
| Select group hotkey | 138 | |
| Use ability | 58 | |
1239 total
» units
| Acolyte | 4 | |
| Ghoul | 6 | |
| Crypt Fiend | 11 | |
| Obsidian Statue | 3 | |
24 total
» upgrades
| Creature Carapace | 3 | |
| Creature Attack | 2 | |
| Burrow | 1 | |
| Web | 2 | |
| Destroyer Form | 1 | |
9 total
» buildings
| Crypt | 1 | |
| Graveyard | 2 | |
| Ziggurat | 6 | |
| Altar of Darkness | 1 | |
| Tomb of Relics | 1 | |
| Halls of the Dead | 1 | |
| Slaughterhouse | 1 | |
| Black Citadel | 1 | |
14 total
» build order
00:06 Crypt
00:08 Graveyard
00:11 Graveyard
00:38 Ziggurat
00:57 Altar of Darkness
01:58 Ziggurat
02:05 Tomb of Relics
05:02 Halls of the Dead
05:26 Ziggurat
07:00 Ziggurat
07:40 Slaughterhouse
09:49 Black Citadel
09:50 Ziggurat
14:19 Ziggurat
» items
| Rod of Necromancy | 1 | |
| Scroll of Town Portal | 3 | |
| Scroll of Speed | 1 | |
5 total
TheGODehT (
yellow | 53 APM | 1134 actions | 21:13)
3 Blademaster
2 Wind Walk
1 Critical Strike
» actions
| Assign group hotkey | 31 | |
| Basic commands | 2 | |
| Build / train | 17 | |
| ESC pressed | 2 | |
| Enter build submenu | 13 | |
| Enter hero's abilities submenu | 3 | |
| Right click | 766 | |
| Select / deselect | 203 | |
| Select group hotkey | 61 | |
| Use ability | 36 | |
1134 total
» units
» buildings
| Altar of Storms | 3 | |
| Orc Burrow | 2 | |
| Barracks | 1 | |
| War Mill | 1 | |
| Voodoo Lounge | 1 | |
8 total
» build order
00:07 Altar of Storms
00:18 Orc Burrow
00:33 Altar of Storms
00:53 Barracks
01:36 Orc Burrow
02:26 War Mill
02:37 Voodoo Lounge
05:18 Altar of Storms
» items
| Lesser Clarity Potion | 1 | |
| Healing Salve | 1 | |
2 total

»
xlwx (
teal | 69 APM | 1467 actions | 21:10)
3 Tauren Chieftain
2 Endurance Aura
1 Shockwave
» actions
| Assign group hotkey | 20 | |
| Basic commands | 72 | |
| Build / train | 36 | |
| Enter build submenu | 13 | |
| Enter hero's abilities submenu | 3 | |
| Right click | 892 | |
| Select / deselect | 237 | |
| Select group hotkey | 141 | |
| Use ability | 53 | |
1467 total
» units
| Peon | 7 | |
| Grunt | 6 | |
| Wind Rider | 7 | |
| Demolisher | 4 | |
24 total
» buildings
| Altar of Storms | 1 | |
| Orc Burrow | 6 | |
| Barracks | 1 | |
| Stronghold | 1 | |
| Voodoo Lounge | 1 | |
| Beastiary | 2 | |
| War Mill | 1 | |
13 total
» build order
00:06 Altar of Storms
00:16 Orc Burrow
00:35 Barracks
01:27 Orc Burrow
03:51 Stronghold
03:53 Voodoo Lounge
05:34 Orc Burrow
06:24 Beastiary
06:26 Beastiary
06:29 Orc Burrow
11:28 War Mill
11:30 Orc Burrow
14:58 Orc Burrow
» items
| Healing Salve | 2 | |
| Lesser Clarity Potion | 1 | |
| Scroll of Speed | 2 | |
| Scroll of Town Portal | 1 | |
| Potion of Healing | 1 | |
7 total
team 2 (winner)
FEEDMETEARS (
orange | 132 APM | 2795 actions | 21:14)
2 Pandaren Brewmaster
1 Breath of Fire
1 Drunken Haze
» actions
| Assign group hotkey | 12 | |
| Basic commands | 43 | |
| Build / train | 51 | |
| ESC pressed | 2 | |
| Enter build submenu | 34 | |
| Enter hero's abilities submenu | 2 | |
| Give item / drop item | 1 | |
| Right click | 1504 | |
| Select / deselect | 453 | |
| Select group hotkey | 612 | |
| Use ability | 81 | |
2795 total
» units
» upgrades
| Strength of the Wild | 2 | |
| Corrosive Breath | 1 | |
3 total
» buildings
| Tree of Life | 1 | |
| Ancient of War | 2 | |
| Altar of Elders | 2 | |
| Moon Well | 10 | |
| Tree of Ages | 4 | |
| Hunter's Hall | 1 | |
| Tree of Eternity | 2 | |
| Ancient of Wind | 2 | |
| Ancient of Lore | 2 | |
| Chimaera Roost | 4 | |
30 total
» build order
01:06 Tree of Life
01:08 Ancient of War
01:21 Ancient of War
01:29 Altar of Elders
01:31 Moon Well
04:41 Tree of Ages
04:43 Moon Well
05:04 Moon Well
05:09 Hunter's Hall
05:38 Moon Well
07:03 Tree of Eternity
07:03 Tree of Eternity
07:10 Ancient of Wind
07:57 Moon Well
09:10 Ancient of Wind
09:11 Tree of Ages
09:14 Ancient of Lore
09:17 Ancient of Lore
10:14 Chimaera Roost
10:22 Chimaera Roost
10:25 Chimaera Roost
10:29 Chimaera Roost
11:52 Moon Well
13:34 Altar of Elders
14:33 Moon Well
15:18 Moon Well
16:01 Moon Well
18:04 Moon Well
» items
| Scroll of Regeneration | 1 | |
| Lesser Clarity Potion | 2 | |
| Potion of Healing | 1 | |
| Scroll of Town Portal | 2 | |
| Staff of Teleportation | 1 | |
| Potion of Lesser Invulnerability | 1 | |
| Boots of Speed | 1 | |
| Orb of Fire | 1 | |
10 total
iggy_the_fisk (
blue | 98 APM | 2082 actions | 21:14)
6 Archmage
3 Summon Water Elemental
2 Brilliance Aura
1 Mass Teleport
5 Mountain King
3 Storm Bolt
2 Bash
» actions
| Assign group hotkey | 227 | |
| Basic commands | 43 | |
| Build / train | 110 | |
| Enter build submenu | 49 | |
| Enter hero's abilities submenu | 11 | |
| Give item / drop item | 3 | |
| Remove unit from queue | 6 | |
| Right click | 913 | |
| Select / deselect | 362 | |
| Select group hotkey | 200 | |
| Use ability | 158 | |
2082 total
» units
| Peasant | 30 | |
| Knight | 8 | |
| Flying Machine | 13 | |
| Razormane Medicine Man | 1 | |
52 total
» upgrades
| Masonry | 2 | |
| Lumber Harvesting | 2 | |
| Swords | 0 | |
| Gunpowder | 1 | |
| Plating | 3 | |
| Animal War Training | 1 | |
| Flak Cannons | 1 | |
| Flying Machine Bombs | 1 | |
11 total
» buildings
| Altar of Kings | 1 | |
| Farm | 10 | |
| Lumber Mill | 2 | |
| Scout Tower | 21 | |
| Guard Tower | 22 | |
| Arcane Vault | 2 | |
| Keep | 1 | |
| Castle | 1 | |
| Blacksmith | 1 | |
| Barracks | 1 | |
| Workshop | 2 | |
| Town Hall | 2 | |
66 total
» build order
00:04 Altar of Kings
00:08 Farm
01:00 Farm
01:38 Farm
02:27 Lumber Mill
03:18 Scout Tower
03:34 Scout Tower
03:56 Scout Tower
04:02 Guard Tower
04:03 Scout Tower
04:19 Guard Tower
04:19 Guard Tower
04:29 Scout Tower
04:51 Scout Tower
04:57 Guard Tower
05:05 Scout Tower
05:35 Guard Tower
05:35 Guard Tower
06:03 Guard Tower
06:03 Scout Tower
06:06 Scout Tower
06:07 Scout Tower
06:15 Lumber Mill
06:30 Guard Tower
06:31 Scout Tower
06:35 Guard Tower
06:35 Guard Tower
06:54 Arcane Vault
07:11 Guard Tower
07:13 Scout Tower
07:15 Guard Tower
07:15 Guard Tower
07:16 Scout Tower
07:17 Scout Tower
07:21 Keep
07:27 Scout Tower
07:40 Guard Tower
07:41 Guard Tower
07:42 Scout Tower
07:50 Guard Tower
08:07 Guard Tower
08:12 Guard Tower
08:23 Scout Tower
08:28 Scout Tower
08:29 Scout Tower
09:44 Castle
09:45 Blacksmith
09:50 Barracks
11:07 Workshop
11:12 Workshop
11:26 Scout Tower
11:45 Farm
11:46 Farm
12:02 Guard Tower
12:03 Scout Tower
12:40 Arcane Vault
13:00 Guard Tower
13:40 Farm
13:54 Town Hall
14:28 Farm
16:12 Farm
16:13 Farm
17:06 Farm
18:40 Town Hall
» items
| Scroll of Regeneration | 1 | |
| Scroll of Town Portal | 1 | |
2 total
TIMG4STRok (
green | 77 APM | 1637 actions | 21:15)
2 Archmage
1 Summon Water Elemental
1 Brilliance Aura
» actions
| Assign group hotkey | 6 | |
| Basic commands | 34 | |
| Build / train | 62 | |
| ESC pressed | 5 | |
| Enter build submenu | 38 | |
| Enter hero's abilities submenu | 2 | |
| Remove unit from queue | 1 | |
| Right click | 917 | |
| Select / deselect | 269 | |
| Select group hotkey | 218 | |
| Use ability | 85 | |
1637 total
» units
» upgrades
| Masonry | 3 | |
| Animal War Training | 1 | |
| Swords | 1 | |
| Storm Hammers | 1 | |
6 total
» buildings
| Altar of Kings | 2 | |
| Farm | 14 | |
| Lumber Mill | 2 | |
| Scout Tower | 12 | |
| Arcane Tower | 2 | |
| Guard Tower | 6 | |
| Keep | 1 | |
| Arcane Vault | 1 | |
| Castle | 1 | |
| Gryphon Aviary | 4 | |
| Barracks | 1 | |
| Blacksmith | 1 | |
47 total
» build order
00:05 Altar of Kings
00:10 Farm
00:54 Farm
02:09 Lumber Mill
02:30 Farm
03:20 Scout Tower
03:25 Scout Tower
03:49 Arcane Tower
03:52 Scout Tower
03:59 Guard Tower
04:27 Guard Tower
05:08 Scout Tower
05:09 Scout Tower
06:03 Guard Tower
06:46 Lumber Mill
06:57 Keep
07:12 Scout Tower
07:41 Arcane Tower
07:48 Scout Tower
07:49 Scout Tower
07:53 Scout Tower
07:59 Arcane Vault
08:00 Scout Tower
08:01 Scout Tower
08:01 Scout Tower
08:04 Farm
08:05 Farm
08:08 Farm
08:08 Farm
08:54 Guard Tower
09:11 Guard Tower
09:46 Guard Tower
09:48 Castle
09:50 Gryphon Aviary
09:51 Gryphon Aviary
11:22 Barracks
11:25 Blacksmith
11:27 Farm
11:28 Farm
11:33 Farm
11:33 Farm
12:09 Farm
12:12 Farm
12:14 Farm
13:05 Gryphon Aviary
13:05 Gryphon Aviary
19:12 Altar of Kings
» items
| Scroll of Town Portal | 1 | |
| Scroll of Regeneration | 1 | |
2 total
Chat log
(01:34 / All) TIMG4STRok: gl hf
(01:37 / All) FEEDMETEARS: DD
(01:39 / All) FEEDMETEARS: NR20
(01:43 / All) TheGODehT: xD
(01:52 / All) FEEDMETEARS: XD
(06:43 / All) FEEDMETEARS: TPS R IMBA
(19:23 / All) xlwx: gg...
(19:26 / All) TIMG4STRok: gg
(19:29 / All) iggy_the_fisk: ty for the base
(19:32 / All) iggy_the_fisk: really helped us
(19:33 / All) iggy_the_fisk: In this game
(19:40 / All) TheGODehT: =.=
(19:56 / All) TIMG4STRok: why didnt you kill tree of life
(20:02 / All) TIMG4STRok: it takes about 25 minutes to get up
(20:06 / All) FEEDMETEARS: LOLOL
(20:10 / All) TIMG4STRok: nope instead you let it build
(20:17 / All) FEEDMETEARS: i bet
(20:24 / All) FEEDMETEARS: they thought tree of life was nub
(20:54 / All) FEEDMETEARS: also ty for leaving my HUNTRES HALL
(20:56 / All) FEEDMETEARS: and wells